 Dungeon Crawl Stone Soup version 0.31-a0-348-g810772c3d7 (webtiles) character file.

Game seed: 7621583692513261959

210 AdnanSaban the Covered (level 5, -2/33 HPs)
             Began as a Gargoyle Fighter on July 22, 2023.
             Slain by a gnoll
             ... wielding a +0 spear
             ... led by a gnoll bouda
              (5 damage)
             ... on level 4 of the Dungeon.
             The game lasted 00:02:08 (2687 turns).

AdnanSaban the Covered (Gargoyle Fighter)           Turns: 2687, Time: 00:02:09

Health: -2/33      AC: 11    Str: 21    XL:     5   Next: 87%
Magic:  5/5        EV:  9    Int:  9    God:
Gold:   136        SH:  4    Dex:  9    Spells: 4/4 levels left

rFire   . . .        a - +0 flail
rCold   . . .        c - +0 buckler
rNeg    + . .        b - +0 scale mail
rPois   ∞            (no helmet)
rElec   +            (no cloak)
rCorr   .            (no gloves)
SInv    .            (no boots)
Will    .....        (no amulet) Stlth
                     (no ring)
HPRegen 0.25/turn    (no ring)
MPRegen 0.09/turn

%: no passive effects
@: weakened
A: sickness immunity, AC +4, negative energy resistance 1, electricity
resistance, torment resistance 1, petrification resistance
a: no special abilities


You were on level 4 of the Dungeon.
You visited 1 branch of the dungeon, and saw 4 of its levels.

You collected 136 gold pieces.

Inventory:

Hand Weapons
 a - a +0 flail (weapon)
Armour
 b - a +0 scale mail (worn)
 c - a +0 buckler (worn)
Jewellery
 q - a ring of protection from fire
Wands
 i - a wand of flame (12)
Scrolls
 e - a scroll of identify {unknown}
 f - a scroll of amnesia {unknown}
 g - a scroll of vulnerability {unknown}
 j - a scroll of enchant weapon {unknown}
 k - a scroll of teleportation {unknown}
 o - a scroll of fear {unknown}
Potions
 d - a potion of might
 h - a potion of enlightenment {unknown}
 l - a potion of curing {unknown}
 m - a potion of resistance {unknown}
 n - a potion of heal wounds {unknown}
 p - a potion of brilliance {unknown}


   Skills:
 + Level 4.2 Fighting
 + Level 3.6 Maces & Flails
 + Level 4.3 Armour
 + Level 1.3 Dodging
 + Level 4.0 Shields


You had 4 spell levels left.
You didn't know any spells.
Your spell library contained the following spells:

 Spells                   Type           Power      Damage    Failure   Level
 Wereblood                Tmut           0%         N/A       89%         2
 Inner Flame              Hex/Fire       0%         N/A       98%         3
 Flame Wave               Conj/Fire      0%         2d4       100%        4
 Sticky Flame             Conj/Fire      0%         2d3       100%        4
 Irradiate                Conj/Tmut      0%         3d11      100%        5


Dungeon Overview and Level Annotations

Branches:
Dungeon (4/15)
 Temple: D:4-7

Altars:
Sif Muna

Annotations:
D:3 2 transporters, tensugalgo's ghost, amateur MeEE


Innate Abilities, Weirdness & Mutations

You are immune to sickness and miasma.
Your stone body is resilient. (AC +4)
You are immune to poison.
You resist negative energy. (rN+)
You are resistant to electric shocks. (rElec)
You are resistant to unholy torment.
You are immune to petrification.


Message History

The gnoll bouda calls upon its god to heal the gnoll.
The gnoll's wounds heal themselves!
You block the adder's attack. The gnoll hits you but does no damage.
You hit the gnoll bouda but do no damage.
The gnoll bouda is severely wounded.
The adder bites you but does no damage. The gnoll bouda closely misses you.
The gnoll hits you but does no damage.
You hit the adder.
The adder is heavily wounded.
The adder bites you but does no damage.
The gnoll bouda hits you with a +0 whip.
* * * LOW HITPOINT WARNING * * *
The gnoll hits you but does no damage. The adder misses you.
You barely miss the adder.
The adder is heavily wounded.
The gnoll bouda hits you with a +0 whip.
* * * LOW HITPOINT WARNING * * *
The adder barely misses you. You block the gnoll's attack.
You hit the adder but do no damage.
The adder is heavily wounded.
The adder completely misses you. The gnoll bouda closely misses you.
The gnoll hits you from afar with a +0 spear.
* * * LOW HITPOINT WARNING * * *
The adder bites you but does no damage.
The gnoll bouda barks out a call to the hunt!
The gnolls pick up the pace!
You miss the adder.
The adder is heavily wounded.
You block the gnoll's attack. You block the adder's attack.
The gnoll bouda gazes fiercely through you!
You feel your attacks grow feeble. You block the gnoll bouda's attack.
The gnoll hits you but does no damage. The adder barely misses you.
You barely miss the adder.
The adder is heavily wounded.
The gnoll bouda prays to its god.
The gnoll bouda is healed somewhat.
The adder bites you.
* * * LOW HITPOINT WARNING * * *
The gnoll hits you from afar with a +0 spear.
You die...

### ... ### ... ..#
.g. #.# ###.## #.#
#..... #.# ######
.#.....##g#####....#
...._....gg@.##)...#
##...=.#.g##S##.)..#
#.....#..##.....[.#
###.###..#........#
#. ....>..#....# .
.....######### .
##..### ## #.## #.


You could see a gnoll bouda, 3 gnolls and an adder.

Vanquished Creatures
  A hound (D:2)
  Natasha (thrice) (D:2)
  4 adders
  A worm (D:2)
  9 ball pythons
  3 endoplasms
  A giant cockroach (D:1)
  8 goblins
  2 hobgoblins
  4 jackals (D:2)
  3 kobolds
  7 quokkas
  4 bats
  15 frilled lizards
  7 rats
72 creatures vanquished.

Vanquished Creatures (others)
  A bat (D:2)
1 creature vanquished.

Grand Total: 73 creatures vanquished

Notes
Turn   | Place    | Note
-------+----------+-------------------------------------------
     0 | D:1      | AdnanSaban the Gargoyle Fighter began the quest for the
                  | Orb.
     0 | D:1      | Reached XP level 1. HP: 14/14 MP: 1/1
   127 | D:1      | Found a faded altar of an unknown god.
   135 | D:1      | Reached XP level 2. HP: 19/19 MP: 2/2
   770 | D:2      | Noticed Natasha
   773 | D:2      | Reached XP level 3. HP: 24/24 MP: 3/3
   782 | D:2      | Killed Natasha
   926 | D:2      | Reached XP level 4. HP: 29/29 MP: 4/4
  1180 | D:2      | Noticed Natasha
  1190 | D:2      | Killed Natasha
  1191 | D:2      | Reached skill level 1 in Dodging
  1313 | D:2      | Reached XP level 5. HP: 27/33 MP: 5/5
  1463 | D:2      | Noticed Natasha
  1471 | D:2      | Killed Natasha
  2316 | D:3      | Found a transporter.
  2319 | D:3      | Noticed tensugalgo's ghost (amateur MeEE)
  2560 | D:3      | Found a transporter.
  2646 | D:4      | Noticed a phantom
  2649 | D:4      | Identified the +6 short sword of Musuodu {spect, rF+ Int+2
                  | Dex+3}
  2656 | D:4      | Found a shimmering blue altar of Sif Muna.
  2687 | D:4      | Slain by a gnoll

Illustrated notes

Levels and vault maps discovered:
D:1:      tarquinn_simple_flora_water_a, layout_basic,
          hellmonk_ecumenical_altar_run_dry
D:2:      minmay_skewed_foursquare, layout_loops_corners, uniq_natasha
D:3:      layout_basic, gammafunk_ghost_mausoleum,
          hangedman_abyss_or_decor_stabs, minmay_lizard_king
D:4:      layout_rooms, nicolae_overflow_crystal_walls,
          minmay_temple_entry_proselytizer

Skill      XL: |  1  2  3  4  5 |
---------------+----------------+-----
Fighting       | 4 |  4.2
Armour         | 4 |  4.3
Dodging        | 1 |  1.3
Maces & Flails | 3 |  3.6
Shields        | 4 |  4.0

Action                     |  1- 3 |  4- 6 || total
---------------------------+-------+-------++-------
  Melee: Flail             |   109 |   168 ||   277
 Armour: Scale mail        |    78 |    89 ||   167
  Dodge: Dodged            |    75 |    85 ||   160
  Block: Buckler           |    31 |    38 ||    69

Table legend: (Time is in decaauts)
 A = Elapsed time spent in this place.
 B = Non-inter-level travel time spent in this place.
 C = Inter-level travel time spent in this place.
 D = Time resting spent in this place.
 E = Time spent auto-exploring this place.
 F = Levels seen in this place.
 G = Mean time per level.
                   A        B        C        D        E       F      G
               +--------+--------+--------+--------+--------+-----+--------+
         Total |   2774 |   2623 |    151 |      0 |   2088 |   4 |  693.5 |
       Dungeon |   2774 |   2623 |    151 |      0 |   2088 |   4 |  693.5 |
               +--------+--------+--------+--------+--------+-----+--------+

Top non-repeatable levels by time:
     D:2: 1277 daAuts
     D:1: 790 daAuts
     D:3: 661 daAuts
     D:4: 45 daAuts
